 Seeded DCSS version 0.30-a0-509-gd016549fea (webtiles) character file.

Game seed: 4905206244411776669 (custom seed)

1320 purpskrrrp the Covert (level 8, 0/34 HPs)
             Began as a Felid Conjurer on Dec 22, 2022.
             Was an Initiate of Hepliaklqana.
             Slain by an orc warrior
             ... wielding a +0 glaive
              (11 damage)
             ... in a bailey.
             The game lasted 00:17:20 (6779 turns).

purpskrrrp the Covert (Felid Conjurer)              Turns: 6779, Time: 00:17:21

Health: 0/34       AC:  2    Str:  3    XL:     8   Next: 33%
Magic:  1/18       EV: 22    Int: 27    God:    Hepliaklqana [......]
Gold:   236        SH:  0    Dex: 17    Spells: 12/19 levels left
                                        Lives:  0   Deaths: 2

rFire   . . .      SeeInvis +    (weapon unavailable)
rCold   . . .      Faith    .    (shield unavailable)
rNeg    . . .      Spirit   .    (body armour unavailable)
rPois   .          Reflect  .    (helmet unavailable)
rElec   .          Harm     .    (cloak unavailable)
rCorr   .          Rampage  .    (gloves unavailable)
Will    +....                    (boots unavailable)
Stlth   +++++.....               l - amulet of magic regeneration
HPRegen 0.25/turn                d - ring of wizardry
MPRegen 0.56/turn                p - +6 ring of intelligence

@: quick
A: very small, claws 1, fangs 3, see invisible, speed 1, shaggy fur 2, stealthy
paws, no weapons or thrown items, no armour, multi-lived, thin skeletal
structure 1, sense surroundings 1, robust 1
a: Renounce Religion


You were in a bailey.
You worshipped Hepliaklqana.
Hepliaklqana was noncommittal.
You visited 2 branches of the dungeon, and saw 8 of its levels.
You also visited: Bailey.

You collected 236 gold pieces.

Inventory:

Jewellery
 b - a +6 ring of dexterity
 d - a ring of wizardry (left paw)
 i - a +6 ring of strength
 k - a ring of poison resistance
 l - an amulet of magic regeneration (around neck)
 m - an amulet of the acrobat
 o - a ring of positive energy
 p - a +6 ring of intelligence (right paw)
 w - a +4 ring of evasion
Scrolls
 a - a scroll of identify
 c - a scroll of fog
 s - 2 scrolls of teleportation
Potions
 e - 2 potions of attraction
 f - a potion of lignification
 g - 2 potions of heal wounds {unknown}
 h - 2 potions of curing
 j - 2 potions of berserk rage
 n - a potion of flight {unknown}
 r - a potion of invisibility {unknown}
 t - a potion of degeneration {unknown}


   Skills:
 + Level 8.6 Dodging
 + Level 9.3 Stealth
 + Level 6.0 Spellcasting
 + Level 6.8 Conjurations


You had 12 spell levels left.
You knew the following spells:

 Your Spells              Type           Power      Damage    Failure   Level
a - Magic Dart            Conj           100%       1d8       1%          1
b - Searing Ray           Conj           90%        2d7       1%          2
c - Fulminant Prism       Conj/Hex       13%        3d9       6%          4

Your spell library contained the following spells:

 Spells                   Type           Power      Damage    Failure   Level
 Dazzling Flash           Conj/Hex       52%        N/A       1%          3
 Stone Arrow              Conj/Erth      52%        3d10      1%          3
 Sandblast                Erth           16%        2d6       2%          1
 Passwall                 Tmut/Erth      6%         N/A       4%          2
 Flame Wave               Conj/Fire      26%        2d8       6%          4
 Iskenderun's Mystic Bla  Conj/Tloc      26%        2d7       6%          4
 Sticky Flame             Conj/Fire      26%        2d5       6%          4
 Inner Flame              Hex/Fire       8%         N/A       8%          3
 Summon Forest            Summ/Tloc      4%         N/A       54%         5
 Eringya's Noxious Bog    Tmut/Pois      4%         N/A       98%         6
 Summon Hydra             Summ           4%         N/A       100%        7


Dungeon Overview and Level Annotations

Branches:
Dungeon (7/15)             Temple (1/1) D:6          Bailey (1/1)

Altars:
Ashenzari
Cheibriados
Dithmenos
Elyvilon
Gozag
Hepliaklqana
Kikubaaqudgha
Makhleb
Nemelex Xobeh
Okawaru
Ru
Sif Muna
Uskayaw
Yredelemnul
Zin

Shops:
D:1 ?   D:5 !


Innate Abilities, Weirdness & Mutations

You have sharp claws.
You have razor-sharp teeth.
You have supernaturally acute eyesight. (SInv)
You cover ground quickly. (Speed+)
You are covered in thick fur. (AC +2)
Your paws help you pounce on unaware monsters.
You are incapable of wielding weapons or throwing items.
You cannot wear armour.
You gain extra lives every three experience levels.
You have a somewhat thin skeletal structure. (Dex +2, Stealth+)
You passively map a small area around you.
You are robust. (+10% HP)


Message History

Confirm with . or Enter, or press ? or * to list all spells.
Okay, then.
The searing ray hits the orc warrior!
You kill the orc warrior!
The searing ray hits the orc warrior!
You kill the orc warrior!
Your fulminant prism explodes!
The blast of energy engulfs the orc warrior!
The orc warrior is heavily wounded.
The blast of energy engulfs the orc knight!
The orc knight is moderately wounded.
The orc warrior completely misses you.
You hear a shout!
Your Spellcasting skill increases to level 6!
Casting: Searing Ray (safe; 1% risk of failure)
Confirm with . or Enter, or press ? or * to list all spells.
Restarting spell: Searing Ray (safe; 1% risk of failure)
Press: ? - help, Shift-Dir - straight line, f - orc warrior
Aim: an orc warrior, wielding a +0 glaive and wearing a +0 plate armour (heavily wounded, strong, 82% to hit)
The searing ray hits the orc warrior.
The orc warrior is severely wounded. (Press . to maintain the ray.)
The orc warrior completely misses you.
An orc comes into view. It is wielding a +0 spear.
Casting: Searing Ray (safe; 1% risk of failure)
Confirm with . or Enter, or press ? or * to list all spells.
You don't have enough magic to cast this spell.
Unknown command.
Casting: Searing Ray (safe; 1% risk of failure)
Confirm with . or Enter, or press ? or * to list all spells.
Restarting spell: Searing Ray (safe; 1% risk of failure)
Press: ? - help, Shift-Dir - straight line, f - orc knight, p - orc warrior
Aim: an orc knight, wielding a +0 halberd and wearing a +0 plate armour (moderately wounded, 82% to hit)
The searing ray hits the orc knight but does no damage.
The orc knight is moderately wounded. (Press . to maintain the ray.)
The orc warrior closely misses you.
The orc knight cheers repeatedly.
The searing ray misses the orc warrior.
The searing ray misses the orc knight.
The orc warrior hits you from afar with a +0 glaive!
You die...

####..≈≈≈≈≈..# .####
###.....≈≈≈≈...#,.... ,
♣♣♣...♣♣..≈≈≈≈...##...,,,
, ♣♣......♣..≈≈≈≈....#).#
* *
♣.........######...#.8#*,
♣..∩...............#..#,,
♣....).)..........o'..#,,*
♣.............oo...'..# ,
♣..∩.......)@.)))..#..#
♣.........######...#.8#
♣♣.........≈≈≈≈....#..#
♣♣♣....♣..≈≈≈≈.♣.##...
###.....≈≈≈≈...# .... ,,
##.♣..≈≈≈≈♣..# .####
#...≈≈≈≈≈♣ * #♣.≈≈≈≈≈♣♣
♣♣≈≈≈≈≈♣ ,


You could see an orc knight, an orc warrior (strong) and an orc (strong).

Vanquished Creatures
  Joseph (D:7)
  Prince Ribbit (D:5)
  Sigmund (D:3)
  A water moccasin (D:5)
  5 orc warriors (Bailey)
  A sky beast (D:6)
  A black bear (D:5)
  A centaur (D:7)
  2 ogres
  A kobold brigand (D:6)
  A scorpion (D:5)
  2 howler monkeys
  2 hounds (D:6)
  A jelly (D:6)
  An orc priest (D:4)
  4 iguanas
  Jessica (D:2)
  An orc wizard (D:7)
  Robin (D:4)
  6 adders
  8 gnolls
  A shadow imp (D:7)
  A white imp (D:6)
  An ufetubus (D:4)
  4 worms
  3 dart slugs
  15 orcs
  4 bats
  11 endoplasms
  A giant cockroach (D:1)
  15 goblins
  9 hobgoblins
  5 quokkas
  10 ball pythons
  4 frilled lizards
  10 kobolds
  6 rats
143 creatures vanquished.

Vanquished Creatures (others)
  21 fulminant prisms
  A fungus (D:4)
22 creatures vanquished.

Grand Total: 165 creatures vanquished

Notes
Turn   | Place    | Note
-------+----------+-------------------------------------------
     0 | D:1      | purpskrrrp the Felid Conjurer began the quest for the Orb.
     0 | D:1      | Reached XP level 1. HP: 7/7 MP: 4/4
   249 | D:1      | Reached skill level 3 in Stealth
   271 | D:1      | Reached XP level 2. HP: 11/11 MP: 3/6
   366 | D:1      | Found Tuel's Magic Scroll Boutique.
  1594 | D:2      | Reached XP level 3. HP: 14/14 MP: 4/7
  1924 | D:2      | Noticed Jessica
  1939 | D:2      | Killed Jessica
  2126 | D:2      | Reached XP level 4. HP: 18/18 MP: 5/8
  2136 | D:2      | Gained mutation: You have hidden genetic potential. [potion
                  | of mutation]
  2136 | D:2      | Gained mutation: You have a somewhat thin skeletal
                  | structure. (Dex +2, Stealth+) [potion of mutation]
  2210 | D:2      | Reached skill level 4 in Stealth
  2213 | D:2      | Learned a level 2 spell: Searing Ray
  2523 | D:3      | Noticed Sigmund
  2534 | D:3      | Killed Sigmund
  2535 | D:3      | Reached skill level 5 in Stealth
  2535 | D:3      | Reached XP level 5. HP: 21/21 MP: 7/11
  2535 | D:3      | Gained mutation: You are covered in thick fur. (AC +2)
                  | [Felid growth]
  2535 | D:3      | Reached XP level 6. HP: 24/24 MP: 7/12
  2538 | D:3      | Gained mutation: You are robust. (+10% HP) [hidden
                  | potential]
  3080 | D:3      | Reached skill level 5 in Dodging
  3341 | D:4      | Identified a scroll of acquirement
  3341 | D:4      | Acquired a book of Geomancy
  3534 | D:4      | Found an opulent altar of Gozag.
  3704 | D:4      | Found a broken altar of Ashenzari.
  3780 | D:4      | Noticed Robin
  4041 | D:4      | Reached skill level 5 in Conjurations
  4041 | D:4      | Reached XP level 7. HP: 17/29 MP: 7/13
  4046 | D:4      | Gained mutation: You passively map a small area around you.
                  | [hidden potential]
  4046 | D:4      | Lost mutation: You have hidden genetic potential. [hidden
                  | potential expressed]
  4208 | D:4      | Reached skill level 6 in Stealth
  4289 | D:4      | Learned a level 4 spell: Fulminant Prism
  4298 | D:4      | Killed Robin
  4331 | D:5      | Entered Level 5 of the Dungeon
  4342 | D:5      | Noticed a +0 short sword
  4343 | D:5      | Noticed a +0 spear
  4344 | D:5      | Noticed a +0 short sword
  4344 | D:5      | Noticed a +0 falchion
  4345 | D:5      | Noticed a +0 dagger
  4345 | D:5      | Noticed a +0 dagger
  4345 | D:5      | Noticed a +0 spear
  4345 | D:5      | Noticed a +0 falchion
  4348 | D:5      | Found a hide-covered altar of Uskayaw.
  4402 | D:5      | Found Pefususm's Distillery.
  4450 | D:5      | Noticed Prince Ribbit
  4470 | D:5      | Killed Prince Ribbit
  4771 | D:5      | Identified the +0 plate armour "Edwoipoage" {rCorr}
  5180 | D:5      | Reached skill level 7 in Stealth
  5180 | D:5      | Reached XP level 8. HP: 28/34 MP: 11/15
  5547 | D:6      | Found an iron altar of Okawaru.
  5555 | D:6      | Reached skill level 5 in Spellcasting
  5640 | D:6      | Found a staircase to the Ecumenical Temple.
  5824 | D:6      | Noticed a two-headed ogre
  5834 | D:6      | Slain by a two-headed ogre
  5835 | D:6      | Reached XP level 7. HP: -1/29 MP: 6/15
  5863 | D:6      | Found a shadowy altar of Dithmenos.
  5928 | D:6      | Reached skill level 8 in Stealth
  5930 | Temple   | Entered the Ecumenical Temple
  6179 | Temple   | Became a worshipper of Hepliaklqana the Forgotten
  6404 | D:7      | Noticed Joseph
  6417 | D:7      | Shot with a sling bullet by Joseph
  6418 | D:7      | Reached XP level 6. HP: -6/26 MP: 15/15
  6491 | D:7      | Killed Joseph
  6492 | D:7      | Reached XP level 7. HP: 13/29 MP: 9/16
  6593 | D:7      | Found a flagged portal.
  6604 | Bailey   | Entered a bailey
  6689 | Bailey   | Reached skill level 9 in Stealth
  6689 | Bailey   | Reached XP level 8. HP: 17/34 MP: 10/17
  6772 | Bailey   | Noticed an orc knight
  6779 | Bailey   | Slain by an orc warrior

Illustrated notes

Levels and vault maps discovered:
D:1:      dpeg_arrival_rooms_b, layout_basic, serial_shops, shop
D:2:      layout_loops_ring, uniq_jessica
D:3:      layout_loops_ring, minmay_bisected, uniq_sigmund
D:4:      kennysheep_spiral_hall, layout_loops_ring,
          lemuel_coloured_pillars_altar, mainiacjoe_overflow_small_starburst,
          minmay_stone_trees_small, minmay_misc_feat_tiny,
          dreamdust_mushroom_princess, uniq_robin
D:5:      layout_basic, nicolae_uskayaw_en_pointe, serial_curves,
          eino_curves_04, eino_curves_03, eino_curves_03, serial_shops, shop,
          uniq_prince_ribbit1
D:6:      layout_rooms, mainiacjoe_overflow_paths,
          mainiacjoe_overflow_concentric_impassable,
          minmay_temple_entry_overgrown
D:7:      layout_basic, kennysheep_mini, nicolae_vehumet_altar_sigil,
          grunt_temple_overflow_forces_of_nature, enter_bailey_2,
          nicolae_underground_beach, uniq_joseph
Temple:   nicolae_temple_bog_church
Bailey:   bailey_polearm_elven_captive_hellmonk, bailey

Skill      XL: |  1  2  3  4  5  6  7  8 |
---------------+-------------------------+-----
Stealth        | 3 5 9 |  9.3
Dodging        | 3 4 8 6 7 |  8.6
Conjurations   | 4 5 6 |  6.8
Spellcasting   | 3 4 6 |  6.0

Action                   |  1- 3 |  4- 6 |  7- 9 || total
-------------------------+-------+-------+-------++-------
Melee: Unarmed           |    45 |    37 |    16 ||    98
       Bite              |     5 |     3 |     2 ||    10
       Punch             |       |       |     1 ||     1
 Cast: Magic Dart        |    73 |   122 |   162 ||   357
       Searing Ray       |       |    12 |    15 ||    27
       Fulminant Prism   |       |     1 |    20 ||    21
  Use: Scroll            |     5 |     4 |     5 ||    14
       Potion            |       |     4 |     1 ||     5
 Stab: Distracted        |       |       |     1 ||     1
Armor: Skin              |     4 |     5 |     1 ||    10
Dodge: Dodged            |    40 |    55 |    67 ||   162

Table legend: (Time is in decaauts)
 A = Elapsed time spent in this place.
 B = Non-inter-level travel time spent in this place.
 C = Inter-level travel time spent in this place.
 D = Time resting spent in this place.
 E = Time spent auto-exploring this place.
 F = Levels seen in this place.
 G = Mean time per level.
                   A        B        C        D        E       F      G
               +--------+--------+--------+--------+--------+-----+--------+
         Total |   5994 |   5802 |    192 |    728 |   4154 |   9 |  666.0 |
       Dungeon |   5609 |   5437 |    172 |    665 |   3924 |   7 |  801.3 |
        Temple |    223 |    203 |     20 |      0 |    192 |   1 |  223.0 |
        Bailey |    161 |    161 |      0 |     63 |     37 |   1 |  161.0 |
               +--------+--------+--------+--------+--------+-----+--------+

Top non-repeatable levels by time:
     D:1: 1305 daAuts
     D:5: 951 daAuts
     D:3: 931 daAuts
     D:4: 814 daAuts
     D:2: 769 daAuts
     D:6: 619 daAuts
  Temple: 223 daAuts
     D:7: 218 daAuts
  Bailey: 161 daAuts
